[Event "*** Titled Tuesday Blitz"]
[Site "Chess.com"]
[Date "2020.10.20"]
[Round "1"]
[White "TST2014"]
[Black "Ty3oB"]
[Result "0-1"]
[WhiteElo "2505"]
[BlackElo "2222"]
[TimeControl "180+1"]
[EndTime "10:07:09 PDT"]
[Termination "Ty3oB won by checkmate"]

1. d4 Nf6 2. c4 g6 3. Nc3 Bg7 4. e4 d6 5. Nf3 O-O 6. Be2 e5 7. O-O Nc6 8. d5 Ne7 9. b4 Nh5 10. g3 f5 11. Ng5 Nf6 12. Bf3 h6 13. Ne6 Bxe6 14. dxe6 c6 15. Ba3 Qc7 16. b5 Rad8 17. Qa4 Kh7 18. Rad1 Nc8 19. c5 dxc5 20. Bxc5 Rfe8 21.
bxc6 bxc6 22. exf5 gxf5 23. Rxd8 Qxd8 24. Qxc6 e4 25.
Be2 Ne7 26. Qa6 Ng6 27. Bb5 Rg8 28. Qxa7 Ne5 29. Rd1 Qc8 30. e7 f4 31. Bf1 Nf3+ 32. Kh1 e3 33. fxe3 Ng4 34. Kg2 Qc6 35. Bb5 Nh4+ 36. Kh3 Qg2+ 37. Kxh4 Bf6+ 38. Kh5 Rg5+ 39. Kh4 Qxh2# 0-1

[Event "*** Titled Tuesday Blitz"]
[Site "Chess.com"]
[Date "2020.10.20"]
[Round "1"]
[White "Radzio1987"]
[Black "Oligan22"]
[Result "1-0"]
[WhiteElo "2832"]
[BlackElo "2416"]
[TimeControl "180+1"]
[EndTime "10:07:10 PDT"]
[Termination "Radzio1987 won on time"]

1. c4 e5 2. Nc3 d6 3. g3 f5 4. Bg2 Nf6 5. d4 e4 6. f3 exf3 7. Nxf3 Be7 8. O-O O-O 9. d5 Nbd7 10. Nd4 Ne5 11. Nxf5 Nxc4 12. Qd4 Ne5 13. e4 c5 14. dxc6 bxc6 15. Bf4 Qc7 16. Nxe7+ Qxe7 17. Rad1 Ne8 18. Bxe5 Rxf1+ 19. Bxf1 Qxe5 20. Qxe5 dxe5 21. Rd8 Bb7 22. Rd7 Bc8 23. Re7 Nd6 24. Rxe5 Rb8 25. b3 Kf7 26. Rc5 Bb7 27. e5 Nf5 28. Bc4+ Ke7 29. Ra5 a6 30.
Kf2 Rd8 31. Ne4 Nd4 32. Nc5 Bc8 33. Bxa6 Bxa6 34. Rxa6 Rd5 35. Ra7+ Ke8 36. Nd3 Ne6 37. Ke3 c5 38. a4 c4 39. bxc4 Rd4 40. c5 Rc4 41. a5 1-0

[Event "*** Titled Tuesday Blitz"]
[Site "Chess.com"]
[Date "2020.10.20"]
[Round "1"]
[White "chessplayer9919"]
[Black "Fortitudine"]
[Result "1-0"]
[WhiteElo "2612"]
[BlackElo "2285"]
[TimeControl "180+1"]
[EndTime "10:07:10 PDT"]
[Termination "chessplayer9919 won by resignation"]

1. e4 c5 2. Nc3 d6 3. f4 Nc6 4. Nf3 e6 5. g3 Nf6 6. Bg2 Be7 7. d3 O-O 8. O-O Rb8 9. a4 b6 10. Ng5 Bb7 11. f5 Bc8 12. g4 Ne5 13. h3 Nfxg4 14. Nxe6 fxe6 15. hxg4 Bg5 16. Qe2 Bxc1 17. Raxc1 Qh4 18.
Rf4 g5 19. Qf2 Qxf2+ 20. Rxf2 Nxg4 21. Rf3 Ne5 22. Rf2 Ng4 23. Rf3 Ne5 24. Rff1 a6 25.
fxe6 Bxe6 26. Ne2 Rxf1+ 27. Rxf1 Rf8 28. d4 Rxf1+ 29. Bxf1 Nf3+ 30. Kf2 Nd2 31. Bg2 Bg4 32. dxc5 bxc5 33. Nc3 Be6 34. b3 c4 35. b4 1-0

[Event "*** Titled Tuesday Blitz"]
[Site "Chess.com"]
[Date "2020.10.20"]
[Round "1"]
[White "Manukyan_Artak"]
[Black "chito89"]
[Result "0-1"]
[WhiteElo "2405"]
[BlackElo "2814"]
[TimeControl "180+1"]
[EndTime "10:07:11 PDT"]
[Termination "chito89 won by resignation"]

1. e4 e5 2. Nf3 Nc6 3. d4 exd4 4. Nxd4 Bb4+ 5. c3 Bc5 6. Nxc6 bxc6 7. Bc4 Bb6 8. O-O Ne7 9. Qh5 O-O 10. Bg5 Qe8 11. Nd2 Ng6 12. Rae1 d6 13. Kh1 Be6 14. f4 Bxc4 15.
Nxc4 f6 16. Bh4 Qf7 17. b3 Rae8 18. f5 Ne5 19. Qxf7+ Rxf7 20. Nxb6 axb6 21. Bg3 Rfe7 22. Bxe5 Rxe5 23. Rf4 d5 24. g4 dxe4 25. a4 h5 26.
gxh5 Kh7 27. Kg2 Kh6 28. Kf2 e3+ 29. Ke2 Rd8 30. Rd4 Rxd4 31. cxd4 Rxf5 32. Kxe3 Rxh5 33. Rc1 Rh3+ 34. Ke4 Rxb3 35. Rxc6 Rb4 36. Rxc7 Rxa4 37. Rb7 Rb4 38. Kd3 Kg6 39. d5 Rb1 40. Kc2 Rb5 41.
d6 Rd5 42. Rxb6 Kf5 43. Rb7 g5 44. d7 Ke6 45. Rb4 Rxd7 46. h4 Kf5 47. hxg5 fxg5 48. Rb8 g4 49. Rf8+ Ke4 50. Re8+ Kf3 51. Rf8+ Kg2 52.
Rg8 g3 53. Kc1 Kf2 54. Rf8+ Kg1 55. Rg8 g2 56. Kc2 Rh7 57. Kd3 Kh1 58. Rg7 Rh6 59. Ke2 g1=Q 60. Rxg1+ Kxg1 0-1

[Event "*** Titled Tuesday Blitz"]
[Site "Chess.com"]
[Date "2020.10.20"]
[Round "1"]
[White "Sueetin"]
[Black "wannabe2700"]
[Result "0-1"]
[WhiteElo "2360"]
[BlackElo "2719"]
[TimeControl "180+1"]
[EndTime "10:07:12 PDT"]
[Termination "wannabe2700 won on time"]

1. d4 f5 2. Nc3 Nf6 3. Bg5 d5 4. Bxf6 exf6 5. e3 Be6 6. Nge2 Qd7 7. Nf4 Bf7 8. h4 h5 9. Bd3 Nc6 10. Qf3 Nb4 11. a3 Nxd3+ 12. cxd3 O-O-O 13. O-O-O g5 14. Nfe2 Bd6 15. g3 c6 16. Kb1 Kb8 17. Rc1 Rh6 18.
Na4 b6 19. Rc2 Rc8 20. Rhc1 Be6 21. Nac3 f4 22. exf4 Bg4 23. Qe3 Re8 24. Qd2 gxh4 25. gxh4 Bf3 26. Ng3 Qg4 27. Re1 Rhh8 28. Nce2 Qxh4 29.
Rxc6 Bxf4 30. Qc3 Qg4 31. Ka2 h4 32. Rc1 Bxc1 33. Qxc1 hxg3 0-1

[Event "*** Titled Tuesday Blitz"]
[Site "Chess.com"]
[Date "2020.10.20"]
[Round "1"]
[White "grzechu96"]
[Black "GuerrieroFromLevant"]
[Result "1-0"]
[WhiteElo "2692"]
[BlackElo "2342"]
[TimeControl "180+1"]
[EndTime "10:07:13 PDT"]
[Termination "grzechu96 won by resignation"]

1. e4 e6 2. d4 d5 3. Nc3 Nf6 4. Bg5 h6 5. Bxf6 Qxf6 6. exd5 Bb4 7. dxe6 Bxe6 8. Nf3 O-O 9. Be2 Rd8 10. O-O Bxc3 11.
bxc3 c5 12. Qb1 Nc6 13. Qxb7 Bd5 14. Qa6 Rab8 15. Rab1 Rxb1 16. Rxb1 cxd4 17. cxd4 Bxf3 18. Bxf3 Nxd4 19. Qxf6 gxf6 20. Bd1 Nb5 21. Bg4 Nc3 22. Ra1 Rb8 23. Bf5 a5 24. Kf1 a4 25. a3 Rf8 26.
Ke1 Rd8 27. Bd3 Kf8 28. Kd2 Ne4+ 29. Ke3 Nc3 30. g3 Ke7 31. f3 Rd5 32. Kd2 Nb5 33. c4 Nd4 34. cxd5 Nb3+ 35. Kc3 Nxa1 36. Bb5 Nb3 37.
Bxa4 Nc5 38. Bb3 Kd6 39. a4 f5 40. a5 Na6 41. Bc4 Nc7 42. a6 Na8 43. Kb4 Nb6 44. Kb5 Na8 45. a7 f4 46. gxf4 f5 47. Ka6 Kc7 48.
Bb5 Nb6 49. Bc6 h5 50. a8=Q Nxa8 51. Bxa8 Kd6 52. Kb5 h4 53. Kc4 1-0

[Event "*** Titled Tuesday Blitz"]
[Site "Chess.com"]
[Date "2020.10.20"]
[Round "1"]
[White "BJthechessgod"]
[Black "sergeikim"]
[Result "0-1"]
[WhiteElo "2204"]
[BlackElo "2535"]
[TimeControl "180+1"]
[EndTime "10:07:13 PDT"]
[Termination "sergeikim won by checkmate"]

1. e4 e5 2. Nf3 Nc6 3. Bc4 Bc5 4. b4 Bxb4 5. c3 Ba5 6. d4 d6 7. O-O Bb6 8. dxe5 dxe5 9. Qxd8+ Nxd8 10. Nxe5 Be6 11.
Nd2 Nf6 12. Ba3 Bxc4 13. Nexc4 Ne6 14. e5 Ng4 15. h3 Nh6 16. g4 O-O-O 17. Rad1 Bc5 18.
Bxc5 Nxc5 19. f4 Rd3 20. Rf3 Rhd8 21. Rdf1 b5 22. Nb3 Nxb3 23. Nd6+ R3xd6 24. exd6 Nd2 25. dxc7 Nxf3+ 26. Rxf3 Kxc7 27. Re3 f6 28. Re7+ Rd7 29. Re8 Nf7 30. Rg8 Nd6 31. Rh8 h6 32. f5 Ne4 33.
Ra8 Kb7 34. Re8 Nxc3 35. a3 a5 36. Re3 b4 37. axb4 axb4 38. h4 Kb6 39. Rg3 Kb5 40. g5 fxg5 41. hxg5 hxg5 42. Rxg5 Ka4 43. Rg4 Ka3 44. Rg3 Rc7 45. Kf2 b3 46. Ke1 b2 47.
Kd2 Kb3 48. Rg6 Rb7 49. Rc6 Ne4+ 50. Ke3 b1=Q 51. Re6 Nc3 52. Kd4 Qd1+ 53. Kc5 Qd5# 0-1

[Event "*** Titled Tuesday Blitz"]
[Site "Chess.com"]
[Date "2020.10.20"]
[Round "1"]
[White "FontVella8"]
[Black "ChessArchitect64"]
[Result "1-0"]
[WhiteElo "2480"]
[BlackElo "2037"]
[TimeControl "180+1"]
[EndTime "10:07:13 PDT"]
[Termination "FontVella8 won by resignation"]

1. e4 c5 2. Nf3 d6 3. d4 cxd4 4.
Qxd4 Nc6 5. Qe3 Nf6 6. Be2 e6 7.
c4 Be7 8. Nc3 O-O 9. O-O Qb6 10.
Qxb6 axb6 11. Be3 Nd7 12. Rab1 Rd8 13. Rfd1 Nc5 14. b4 Na4 15. Nxa4 Rxa4 16. Bxb6 Re8 17.
b5 Ne5 18. Nxe5 dxe5 19. Rb2 Ba3 20. Rbd2 Be7 21. f3 f6 22. c5 Kf7 23. Rc1 f5 24.
Rc4 Rxc4 25. Bxc4 Bg5 26. Re2 fxe4 27. Rxe4 Bf6 28. Kf1 Bd7 29. a4 Ra8 30. Bb3 Ke7 31. Rc4 Rc8 32. Bc2 h6 33. Be4 Rb8 34. Bc7 Rc8 35.
Bd6+ Ke8 36. Bxb7 Rd8 37. Bc7 Ke7 38. Bxd8+ Kxd8 39. c6 Bc8 40. c7+ Kd7 41. Bxc8+ Kxc8 42. b6 Be7 43. b7+ 1-0

[Event "*** Titled Tuesday Blitz"]
[Site "Chess.com"]
[Date "2020.10.20"]
[Round "1"]
[White "banane_verte"]
[Black "Infernal_XaM"]
[Result "0-1"]
[WhiteElo "2424"]
[BlackElo "2859"]
[TimeControl "180+1"]
[EndTime "10:07:14 PDT"]
[Termination "Infernal_XaM won by resignation"]

1. e4 e5 2. Nf3 Nc6 3. Bc4 h6 4. d4 exd4 5. Nxd4 Ne5 6. Be2 Bc5 7. O-O d6 8. Nc3 Nf6 9. h3 O-O 10. Be3 Re8 11. f4 Ng6 12. Bd3 Bd7 13. Qd2 b5 14.
Ndxb5 Bxb5 15. Bxb5 Nxe4 16. Nxe4 Rxe4 17. Bxc5 dxc5 18.
Qxd8+ Rxd8 19. Bd3 Rxf4 20. Bxg6 Rxf1+ 21. Kxf1 fxg6 22.
Ke2 Kf7 23. Rf1+ Ke6 24. Rf4 Rd4 25. Rf8 Ra4 26. a3 c4 27. Rg8 c3 28. b3 Rxa3 29.
Rxg7 Ra2 30. Kd3 Kf6 31. Rxc7 Ra1 32. Kxc3 h5 33. Rc4 Rg1 34. g4 Rg3+ 35. Kb4 h4 36. Rc7 Rxh3 37. Rxa7 Rg3 38. c4 Rxg4 39. Ka5 h3 40. Rh7 Rg5+ 41. Kb6 Rh5 42. Rxh5 gxh5 43.
c5 h2 44. c6 h1=Q 45. b4 Qd5 46. b5 Ke7 0-1

[Event "*** Titled Tuesday Blitz"]
[Site "Chess.com"]
[Date "2020.10.20"]
[Round "1"]
[White "ajedrezhoy"]
[Black "Flawless_Fighter"]
[Result "0-1"]
[WhiteElo "2239"]
[BlackElo "2565"]
[TimeControl "180+1"]
[EndTime "10:07:15 PDT"]
[Termination "Flawless_Fighter won on time"]

1. Nf3 Nf6 2. b3 e6 3. Bb2 d5 4. g3 Be7 5. Bg2 O-O 6. O-O b6 7. c4 Bb7 8. d4 dxc4 9. bxc4 c5 10. e3 Nc6 11. Nbd2 Rc8 12. Qe2 Qc7 13. Rfd1 Rfd8 14. Rac1 h6 15. a3 Qb8 16. Nb3 cxd4 17. exd4 Rd7 18. d5 exd5 19. Bh3 Rcd8 20. Bxd7 Rxd7 21. Bxf6 Bxf6 22. Rxd5 Re7 23. Qd3 Re8 24. Re1 Rxe1+ 25. Nxe1 Ne5 26. Qe2 Qc7 27. f4 Nxc4 28. Rd3 Qc6 29.
Nf3 g6 30. h4 h5 31. Kh2 Kg7 32. a4 Nb2 33. Re3 Qxa4 34. Nbd2 Nd1 35. Re8 Nf2 36. Rb8 Ng4+ 37. Kg2 Bc6 38. Rc8 Bd7 39. Rc7 Bf5 40. Ng5 Bxg5 41. hxg5 Qa3 42. Nf3 Ne3+ 43. Kf2 Ng4+ 44. Kg2 Qd6 45. Rc3 Qd5 0-1

[Event "*** Titled Tuesday Blitz"]
[Site "Chess.com"]
[Date "2020.10.20"]
[Round "1"]
[White "lucachess49"]
[Black "Jumbo"]
[Result "0-1"]
[WhiteElo "2379"]
[BlackElo "2768"]
[TimeControl "180+1"]
[EndTime "10:07:16 PDT"]
[Termination "Jumbo won by resignation"]

1. d4 g6 2. c4 Bg7 3. e4 c5 4. d5 b5 5. f3 d6 6. cxb5 a6 7. Nc3 Nf6 8. a4 O-O 9. Be3 Qa5 10. Qd2 e6 11. Bc4 axb5 12. Nxb5 exd5 13. Qxa5 Rxa5 14. exd5 Bb7 15. Bd2 Ra6 16. Nc3 Rb6 17. O-O-O Rb4 18. b3 Ba6 19. Nb5 Bxb5 20. axb5 Nbd7 21.
Bxb4 cxb4 22. Ne2 Ra8 23. Kb1 Nb6 24. Nc1 Nfd7 25. Na2 Nxc4 26. bxc4 b3 27. Rd2 Ra4 28. Rc1 bxa2+ 29. Rxa2 Rb4+ 30. Kc2 Rxc4+ 31. Kd1 Rd4+ 32. Rd2 Rxd2+ 33. Kxd2 Bh6+ 34. Kc2 Bxc1 35. Kxc1 Kf8 36. Kc2 Ke7 37. Kb3 Kd8 38. Kb4 Kc7 39. Kc4 Kb6 40. g4 Ne5+ 41. Kd4 Nxf3+ 42. Ke4 0-1

[Event "*** Titled Tuesday Blitz"]
[Site "Chess.com"]
[Date "2020.10.20"]
[Round "1"]
[White "Rodalquilar"]
[Black "DrMamaliga"]
[Result "1-0"]
[WhiteElo "2720"]
[BlackElo "2360"]
[TimeControl "180+1"]
[EndTime "10:07:16 PDT"]
[Termination "Rodalquilar won by checkmate"]

1. d4 Nf6 2. Bf4 c5 3. e3 cxd4 4. exd4 d5 5. Nf3 Nc6 6. Nbd2 Bg4 7. c3 e6 8. Qb3 Qc8 9. Bd3 Be7 10. O-O O-O 11. a4 Bh5 12. a5 a6 13. Qc2 Bg6 14.
Bxg6 hxg6 15. Qd3 Qd8 16. b4 Bd6 17. Ne5 Qc7 18. Rfe1 Rac8 19. Ndf3 Nd7 20. Bg3 Ncxe5 21. dxe5 Be7 22. Re3 Qc4 23. Qd1 Nb8 24. Nd2 Qc7 25.
Qg4 Nc6 26. Rae1 Rfd8 27. Nf3 Kf8 28. Qh3 Ke8 29. Qh8+ Bf8 30. Bh4 Ne7 31. Ng5 Nf5 32. Rf3 Qc4 33. Nh7 Qxh4 34. Qxf8+ Kd7 35. Qxf7+ Ne7 36. Nf6+ gxf6 37. exf6 Re8 38. Qxe6+ Kc7 39. Qe5+ Kc6 40. fxe7 Rc7 41. Rf6+ Kb5 42. Qxd5+ Ka4 43. Ra1# 1-0

[Event "*** Titled Tuesday Blitz"]
[Site "Chess.com"]
[Date "2020.10.20"]
[Round "1"]
[White "ehrenfeld"]
[Black "MarkoPe"]
[Result "1/2-1/2"]
[WhiteElo "2500"]
[BlackElo "2143"]
[TimeControl "180+1"]
[EndTime "10:07:18 PDT"]
[Termination "Game drawn by repetition"]

1. e4 c6 2. d4 d5 3. exd5 cxd5 4. Bd3 Nc6 5. c3 Nf6 6. Bf4 Bg4 7. Qb3 Qd7 8. Nd2 e6 9. Ngf3 Bxf3 10. Nxf3 Bd6 11. Bxd6 Qxd6 12. O-O O-O 13. Qd1 Rab8 14. Qe2 a6 15. Rae1 b5 16. a3 Na5 17. Ne5 Nc4 18.
f4 g6 19. g4 Nd7 20. Rf3 Rbe8 21. Kh1 f6 22. Nxd7 Qxd7 23. Bxc4 bxc4 24. Re3 Kf7 25. Qg2 Re7 26. R1e2 Rb8 27. f5 Rbe8 28. Qh3 Kg7 29. g5 exf5 30. gxf6+ Kxf6 31. Qh4+ Kf7 32. Qxh7+ Kf6 33.
Qh4+ Kf7 34. Rxe7+ Rxe7 35. Qh7+ Kf6 36. Qh8+ Kf7 37.
Re5 Rxe5 38. dxe5 Qe6 39. h4 f4 40. Kh2 Qg4 41. Qf6+ Kg8 42. e6 Qg3+ 43. Kh1 Qf3+ 44. Kh2 Qg3+ 45. Kh1 Qf3+ 46. Kh2 Qg3+ 1/2-1/2

[Event "*** Titled Tuesday Blitz"]
[Site "Chess.com"]
[Date "2020.10.20"]
[Round "1"]
[White "Sacbutt"]
[Black "AndrewMaco"]
[Result "0-1"]
[WhiteElo "2294"]
[BlackElo "2620"]
[TimeControl "180+1"]
[EndTime "10:07:19 PDT"]
[Termination "AndrewMaco won by resignation"]

1. d4 Nf6 2. c4 e6 3. Nf3 d5 4.
Nc3 Bb4 5. e3 O-O 6. Bd3 dxc4 7.
Bxc4 c5 8. O-O cxd4 9. Nxd4 Bxc3 10. bxc3 Qc7 11. Qb3 a6 12. a4 Nbd7 13. Ba3 Re8 14.
h3 Ne5 15. Be2 Bd7 16. c4 Nc6 17. Rfc1 e5 18. Nxc6 Bxc6 19. c5 Rad8 20. Rd1 h6 21. Bb4 Qe7 22. Rxd8 Rxd8 23. Bc4 Ne4 24. Rd1 Rxd1+ 25.
Qxd1 Qg5 26. Bf1 Qf6 27. Qc2 Qd8 28. a5 Kf8 29. f3 Ng5 30. Qd3 Qxd3 31. Bxd3 Ke8 32.
Bc4 f6 33. Kf2 Ke7 34. Ke2 Kd7 35. h4 Nh7 36. g4 Nf8 37. e4 Ng6 38. Bd2 Nxh4 39.
Be3 Bb5 40. Bxb5+ axb5 41. Kf2 Kc6 42. Kg3 Ng6 43. Bf2 Nf8 44. Be3 Ne6 45. f4 0-1

[Event "*** Titled Tuesday Blitz"]
[Site "Chess.com"]
[Date "2020.10.20"]
[Round "1"]
[White "Srisshhhtea"]
[Black "xberli"]
[Result "1-0"]
[WhiteElo "2266"]
[BlackElo "2555"]
[TimeControl "180+1"]
[EndTime "10:07:20 PDT"]
[Termination "Srisshhhtea won on time"]

1. d4 Nf6 2. c4 g6 3. Nc3 d5 4.
Nf3 Bg7 5. Bf4 O-O 6. e3 c5 7. dxc5 Ne4 8. Be5 Nxc3 9. Bxc3 Bxc3+ 10. bxc3 Qa5 11. Qd2 dxc4 12. Bxc4 Qxc5 13. Bb3 Nc6 14. O-O e5 15. e4 Bg4 16. Ng5 Rad8 17. Qc2 Qe7 18. Qc1 h6 19. Nxf7 Rxf7 20. Qxh6 Qf6 21. f4 Be6 22. fxe5 Qg7 23. Qxg7+ Kxg7 24. Bxe6 Re7 25. Bd5 Nxe5 26. Rab1 b6 27. a4 Rc8 28.
Rb3 Rc5 29. Ra1 Ng4 30. a5 bxa5 31. c4 Nf6 32. Rba3 Nxe4 33. Re1 Rcc7 34. Rxe4 Rxe4 35.
Bxe4 Re7 36. Bd5 Re1+ 37. Kf2 Rb1 38. Rxa5 Rb2+ 39. Kg3 Kf6 40. Rxa7 Ke5 41. Rg7 Kf6 42. Rf7+ Kg5 43. h4+ Kh6 44. Kh3 Rc2 45. Ra7 Rc3+ 46.
g3 Rc2 47. Ra6 Rf2 48. Be4 1-0

[Event "*** Titled Tuesday Blitz"]
[Site "Chess.com"]
[Date "2020.10.20"]
[Round "1"]
[White "Berant"]
[Black "Bulldog167"]
[Result "0-1"]
[WhiteElo "2375"]
[BlackElo "2760"]
[TimeControl "180+1"]
[EndTime "10:07:22 PDT"]
[Termination "Bulldog167 won by resignation"]

1. e4 c5 2. Nf3 d6 3. Bb5+ Nd7 4. d4 cxd4 5. Qxd4 a6 6. Bxd7+ Bxd7 7. O-O Nf6 8. a4 e6 9. c4 Be7 10. Nc3 O-O 11. Bg5 Rc8 12. b3 Bc6 13. Rad1 Qa5 14. Qe3 h6 15. Bh4 Qh5 16. Bg3 Rfd8 17. Nd5 Bxd5 18.
exd5 e5 19. Rfe1 Ng4 20. Qe2 f5 21. h3 Nf6 22. Nxe5 Qxe2 23. Rxe2 dxe5 24. Bxe5 Kf7 25. d6 Bf8 26. f4 Ne4 27. g4 g6 28. d7 Rc6 29. h4 h5 30. gxf5 gxf5 31. Kh2 Be7 32.
Rd5 Ke6 33. Bb2 Bd6 34. Be5 Rxd7 35. Rg2 Bxe5 36. Rxe5+ Kf6 37. Re8 Rd2 38. Rf8+ Ke6 39. Rh8 Rxg2+ 40. Kxg2 Nf6 41. Rc8 Rxc8 0-1

[Event "*** Titled Tuesday Blitz"]
[Site "Chess.com"]
[Date "2020.10.20"]
[Round "1"]
[White "BocharovD"]
[Black "Slovak_fighter2000"]
[Result "1-0"]
[WhiteElo "2800"]
[BlackElo "2397"]
[TimeControl "180+1"]
[EndTime "10:07:23 PDT"]
[Termination "BocharovD won by resignation"]

1. c4 e5 2. d3 Nf6 3. Nf3 Nc6 4. a3 a5 5. Nc3 Bc5 6. e3 O-O 7.
Be2 d6 8. O-O Re8 9. b3 Bf5 10.
Bb2 Bb6 11. Nd2 Bg6 12. Nde4 Nxe4 13. dxe4 Ne7 14. Bd3 Qd7 15. Kh1 Nc6 16. Nd5 Bc5 17. Bc3 Ne7 18. Qd2 Nxd5 19. cxd5 Bb6 20. Rac1 f5 21.
exf5 Bxf5 22. e4 Bg6 23. a4 Qf7 24. f4 exf4 25. Rxf4 Qe7 26. Rcf1 Rf8 27. h3 Rxf4 28. Rxf4 Rf8 29. Rxf8+ Qxf8 30. Bxa5 Bxa5 31. Qxa5 b6 32. Qd2 Qe8 33. Qf4 Qa8 34. Bb5 Qa5 35. Bd7 h6 36.
Be6+ Kh7 37. Qf8 Qe1+ 38. Kh2 Bxe4 39. Bg8+ Kg6 40. Qf7+ Kg5 41. Qxg7+ Kf4 42. Qxh6+ Ke5 43. Qg7+ Kf4 44. Qg4+ Ke3 45. Qg3+ Qxg3+ 46. Kxg3 Bc2 47.
h4 Bxb3 48. h5 Bxa4 49. h6 Bc2 50. h7 Bxh7 51. Bxh7 Kd4 52. Kf4 Kxd5 53. Kf5 b5 54. g4 b4 55. g5 b3 56. Bg8+ Kd4 57. Bxb3 1-0

[Event "*** Titled Tuesday Blitz"]
[Site "Chess.com"]
[Date "2020.10.20"]
[Round "1"]
[White "GAusal"]
[Black "WPWPWP-2015"]
[Result "1-0"]
[WhiteElo "2018"]
[BlackElo "2455"]
[TimeControl "180+1"]
[EndTime "10:07:23 PDT"]
[Termination "GAusal won by checkmate"]

1. d4 Nf6 2. Bf4 c5 3. e3 d5 4. Nf3 Bg4 5. Be2 Nbd7 6. c3 Qb6 7. Qb3 e6 8. Qxb6 Nxb6 9. Nbd2 Bxf3 10. Nxf3 a6 11.
O-O-O Rc8 12. Kb1 Ne4 13. Rhf1 c4 14. Nd2 f5 15. f3 Nf6 16. Rde1 Kf7 17. Bd1 h6 18. g4 g5 19. Be5 Nbd7 20. f4 gxf4 21. gxf5 exf5 22. Rxf4 Nxe5 23. dxe5 Nd7 24. Rxf5+ Ke7 25.
Ref1 Rh7 26. Nf3 Re8 27. Nd4 Nc5 28. Bc2 Rg7 29. e6 Nxe6 30. Re5 Kd7 31. Rxd5+ Kc7 32. Nxe6+ Rxe6 33. Rxf8 Rxe3 34. Rd1 Re2 35. a4 Rxh2 36. Rf4 b5 37. axb5 axb5 38. Rf5 Kc6 39. Rf6+ Kc5 40. Be4 Rg1 41. Rc6# 1-0

[Event "*** Titled Tuesday Blitz"]
[Site "Chess.com"]
[Date "2020.10.20"]
[Round "1"]
[White "LaPorfia"]
[Black "sotochess"]
[Result "0-1"]
[WhiteElo "2304"]
[BlackElo "2636"]
[TimeControl "180+1"]
[EndTime "10:07:24 PDT"]
[Termination "sotochess won by checkmate"]

1. d4 Nf6 2. Nf3 g6 3. Nc3 c5 4.
d5 Bg7 5. e4 d6 6. a4 O-O 7. Be2 e6 8. dxe6 Bxe6 9. O-O Nc6 10. h3 d5 11. exd5 Nxd5 12. Nxd5 Bxd5 13. c3 h6 14. Be3 b6 15. Qd2 Kh7 16. Rfd1 Bb3 17.
Qxd8 Raxd8 18. Rxd8 Rxd8 19. Bb5 Na5 20. Bf4 Nc4 21.
Bxc4 Bxc4 22. a5 b5 23. Be3 Rd5 24. Nd2 Bd3 25. Re1 a6 26. Rd1 Bc2 27. Rc1 Bf5 28.
g4 Bd3 29. Rd1 b4 30. Rc1 bxc3 31. bxc3 c4 32. Bb6 f5 33. Nf3 fxg4 34. hxg4 Be2 35. Nd4 Bxg4 36. Re1 Rd7 37. Re4 h5 38. f3 Bh3 39. Kh2 Bf1 40. Kg1 Bd3 41. Re6 Kg8 42. Kf2 Kf7 43. Rc6 h4 44. Rc7 Rxc7 45. Bxc7 Bxd4+ 46. cxd4 c3 47. Ke3 Bc4 48. Bf4 Ke6 49. Be5 g5 50. f4 g4 51. d5+ Kxd5 52. Bxc3 Ke6 53. Kf2 Kf5 54. Be5 g3+ 55. Kg2 Kg4 56. f5 h3+ 57. Kg1 h2+ 58. Kh1 Bd5# 0-1

[Event "*** Titled Tuesday Blitz"]
[Site "Chess.com"]
[Date "2020.10.20"]
[Round "1"]
[White "Love_craft"]
[Black "oneshot007"]
[Result "1-0"]
[WhiteElo "2630"]
[BlackElo "2300"]
[TimeControl "180+1"]
[EndTime "10:07:24 PDT"]
[Termination "Love_craft won on time"]

1. Nf3 c5 2. g3 g6 3. Bg2 Bg7 4. O-O Nf6 5. d3 O-O 6. e4 d6 7. Nc3 Nc6 8. Be3 Rb8 9. Qd2 b5 10. Bh6 b4 11. Nd1 Bg4 12. Bxg7 Kxg7 13. Ne3 Bxf3 14.
Bxf3 Nd7 15. Bg2 e5 16. f4 exf4 17. gxf4 Nd4 18. c3 bxc3 19. bxc3 Nc6 20. e5 Rc8 21. exd6 Nb6 22. f5 Qxd6 23. f6+ Kh8 24. Nc4 Nxc4 25.
Qh6 Rg8 26. dxc4 Ne5 27. Bd5 g5 28. Be4 Ng6 29. Rf3 Qe6 30. Re1 Qg4+ 31. Rg3 Qh4 32. Qxg5 Qxg5 33. Rxg5 Ne5 34. h4 Nxc4 35. Kf2 Rge8 36.
Rg7 Rxe4 37. Rxe4 Nd6 38. Re7 Rb8 39. Rxa7 Nf5 40. Rgxf7 1-0

[Event "*** Titled Tuesday Blitz"]
[Site "Chess.com"]
[Date "2020.10.20"]
[Round "1"]
[White "MatyChess1"]
[Black "poppy73"]
[Result "1-0"]
[WhiteElo "2548"]
[BlackElo "2221"]
[TimeControl "180+1"]
[EndTime "10:07:24 PDT"]
[Termination "MatyChess1 won by resignation"]

1. e4 c5 2. Nf3 d6 3. Nc3 Nf6 4. e5 dxe5 5. Nxe5 Nbd7 6. d4 Nxe5 7. dxe5 Qxd1+ 8. Kxd1 Ng4 9. Bb5+ Bd7 10. e6 fxe6 11.
Ke2 g6 12. Bxd7+ Kxd7 13. Ne4 Kc6 14. Be3 Nxe3 15. Kxe3 Bh6+ 16. Ke2 Rad8 17. Rhd1 Rd5 18. f3 Rhd8 19. Rd3 c4 20. Rdd1 Bg7 21. c3 Rd3 22. Nf2 R3d5 23. Ng4 b5 24. a4 a6 25. axb5+ axb5 26. Nf2 Kb6 27. Ne4 Bh6 28. h4 Rd3 29.
g4 Re3+ 30. Kf2 Rdd3 31. Rxd3 Rxd3 32. Ke2 Re3+ 33. Kf2 Rd3 34. g5 Bg7 35. Ra8 b4 36. Rb8+ Kc7 37. Rxb4 Be5 38. Rxc4+ Kd7 39. Nc5+ 1-0

[Event "*** Titled Tuesday Blitz"]
[Site "Chess.com"]
[Date "2020.10.20"]
[Round "1"]
[White "karwowskikacper"]
[Black "QuintilianoR"]
[Result "1-0"]
[WhiteElo "2346"]
[BlackElo "2653"]
[TimeControl "180+1"]
[EndTime "10:07:25 PDT"]
[Termination "karwowskikacper won on time"]

1. b3 e5 2. Bb2 Nc6 3. e3 d5 4. Bb5 Bd6 5. f4 Qh4+ 6. g3 Qe7 7. Nf3 Bg4 8. h3 Bxf3 9. Qxf3 a6 10. Bxc6+ bxc6 11. c4 e4 12. Qe2 f5 13. Nc3 Nf6 14. Rc1 O-O 15. Na4 Nd7 16. g4 Ba3 17. cxd5 cxd5 18.
Rxc7 Bxb2 19. Nxb2 Qd6 20. Rc3 Rac8 21. O-O d4 22. Rxc8 Rxc8 23. Nc4 Qd5 24. exd4 Qxd4+ 25. Qe3 Qd5 26. Rd1 Rc6 27. d3 Nc5 28. d4 Ne6 29.
gxf5 Qxf5 30. d5 Nxf4 31. dxc6 Qg5+ 32. Kf1 Qg2+ 33. Ke1 Qh2 34. Qf2 1-0

[Event "*** Titled Tuesday Blitz"]
[Site "Chess.com"]
[Date "2020.10.20"]
[Round "1"]
[White "DariaVoit"]
[Black "MIJuanReyesRosa"]
[Result "1-0"]
[WhiteElo "2500"]
[BlackElo "2100"]
[TimeControl "180+1"]
[EndTime "10:07:25 PDT"]
[Termination "DariaVoit won on time"]

1. b3 d5 2. Bb2 Nf6 3. g3 Bf5 4. Bg2 c6 5. Nf3 e6 6. O-O Be7 7. Ne5 O-O 8. d3 h6 9. Nd2 Nbd7 10. e4 Bh7 11. Qe2 Re8 12. f4 a5 13.
a4 Bf8 14. h3 Qb6+ 15. Kh2 Qa6 16. Qf3 Rad8 17. Rad1 Bb4 18. exd5 exd5 19. g4 Bd6 20. Qg3 Qb6 21. Ndf3 Qc7 22. Rde1 Re7 23. Re2 Rde8 24. Rfe1 Ne4 25. dxe4 dxe4 26. Nd2 f6 27. Bxe4 Bxe4 28. Nxe4 fxe5 29. Nxd6 exf4 30. Qd3 Rxe2+ 31. Rxe2 Rxe2+ 32. Qxe2 Qxd6 33. Qe8+ Kh7 34. Qe4+ Kg8 35. Bd4 f3+ 36. Kh1 Nf6 37. Bxf6 Qd1+ 38. Kh2 Qd2+ 39. Kg3 Qg2+ 40. Kf4 f2 41. Qe6+ 1-0

[Event "*** Titled Tuesday Blitz"]
[Site "Chess.com"]
[Date "2020.10.20"]
[Round "1"]
[White "Alexander_Zubov"]
[Black "LastHeroJr"]
[Result "1-0"]
[WhiteElo "2912"]
[BlackElo "2444"]
[TimeControl "180+1"]
[EndTime "10:07:26 PDT"]
[Termination "Alexander_Zubov won on time"]

1. d4 Nf6 2. Nf3 g6 3. c4 Bg7 4.
Nc3 O-O 5. e4 d6 6. Be2 e5 7. d5 a5 8. Be3 Ng4 9. Bg5 f6 10. Bh4 g5 11. Bg3 Nh6 12. O-O Nd7 13. a3 f5 14. exf5 Nxf5 15. Nd2 Nf6 16. Rb1 Qe8 17.
Nde4 h6 18. Nxf6+ Bxf6 19. Ne4 Bg7 20. Bh5 Qe7 21. Bg4 Nd4 22. Bxc8 Raxc8 23. f3 h5 24. Bf2 Nf5 25. b4 axb4 26. axb4 Kh8 27. c5 Bh6 28. Rb3 Rg8 29. g4 Nh4 30. Bxh4 gxh4 31.
h3 Rcf8 32. Rc3 Rf4 33. Kh2 Rgf8 34. Qe2 R8f7 35. Ra1 Qf8 36. Kg2 hxg4 37. fxg4 Rxe4 38. Qxe4 Rf2+ 39. Kg1 Kg7 40. cxd6 cxd6 41. Rc7+ Rf7 42.
Rxf7+ Qxf7 43. Qf5 Qxf5 44. gxf5 Kf6 45. Kf2 Kxf5 46. Ra7 Ke4 47. Rxb7 Kxd5 48. Rc7 Kd4 49. b5 Be3+ 50. Ke2 1-0